 Dungeon Crawl Stone Soup version 0.26-a0-1139-g7d2dc893a1 (webtiles) character file.

Game seed: 2934511003223012154

654 Dracia the Covered (level 7, -3/52 HPs)
             Began as a Demonspawn Fighter on Dec 21, 2020.
             Slain by a small abomination (13 damage)
             ... on level 2 of the Abyss.
             The game lasted 00:06:49 (3840 turns).

Dracia the Covered (Demonspawn Fighter)             Turns: 3840, Time: 00:06:49

Health: -3/52      AC: 14    Str: 17    XL:     7   Next: 29%
Magic:  0/7        EV:  6    Int:  9    God:
Gold:   321        SH: 11    Dex: 14    Spells: 6/6 levels left

rFire    . . .     SeeInvis .   f - +2 whip (elec)
rCold    . . .     Faith    .   b - +1 kite shield
rNeg     . . .     Spirit   +   p - +0 chain mail
rPois    .         Reflect  .   (helmet restricted)
rElec    .         Harm     .   v - +0 cloak
rCorr    .         Rampage  .   (no gloves)
Will     +....                  (no boots)
Stlth    ..........             (no amulet)
HPRegen  0.17/turn              t - ring of willpower
MPRegen  0.10/turn              (no ring)

@: no status effects
A: antennae 1, thin metallic scales 2, magic shield
a: no special abilities


You were on level 2 of the Abyss.
You visited 1 branch of the dungeon, and saw 4 of its levels.
You visited the Abyss 1 time.

You collected 321 gold pieces.


Innate Abilities, Weirdness & Mutations

You have a pair of small antennae on your head.
You are mostly covered in thin metallic scales. (AC +3)
When hurt, damage is shared between your health and your magic reserves.


   Skills:
 - Level 3.0 Fighting
 + Level 5.1 Armour
 + Level 3.6 Dodging
 + Level 5.0 Shields
 - Level 1.7 Unarmed Combat


You had 6 spell levels left.
You didn't know any spells.
Your spell library was empty.

Inventory:

Hand Weapons
 e - a +0 war axe
 f - a +2 whip of electrocution (weapon)
Missiles
 l - 2 atropa-tipped darts (quivered)
Armour
 a - a +0 scale mail
 b - a +1 kite shield (worn)
 m - a +0 helmet
 p - a +0 chain mail (worn)
 v - a +0 cloak (worn)
Jewellery
 i - an uncursed ring of protection from fire {unknown}
 t - a ring of willpower (left hand)
Scrolls
 j - 3 scrolls of teleportation {@r4@r4}
 n - 4 scrolls of identify {@r1@r1}
Potions
 c - 3 potions of might
 d - a potion of mutation {unknown}
 g - 3 potions of attraction
 h - 2 potions of degeneration {unknown}
 k - 2 potions of flight
 o - a potion of ambrosia

Dungeon Overview and Level Annotations

Branches:
Dungeon (4/15)
 Temple: D:4-7

Altars:
Okawaru
The Shining One

Annotations:
D:3 1 runed translucent door, Dracia's ghost, amateur DsFi
D:4 Edmund

## #.....# #.....# #
..#
##..$##.#.##......
...#.............####
#.#.#.##..R#....#
..#.#..#.#.....#..≈
#)#.#....#.....##.
#.#..#x.#.....#..
#X#x####...##.##
#@x.## ....#. #
###..# ..#...
....##.# ......
......#.# ..... ..
......# .## .


You could see a rakshasa, 2 ancient zymes, a thrashing horror and a small
abomination.


Message History

The small abomination barely misses you.
A rakshasa comes into view. It is wielding a +0 whip.
An ancient zyme comes into view.
The small abomination barely misses you.
The rakshasa blinks!
A thrashing horror comes into view.
The thrashing horror roars!
The ancient zyme hits you but does no damage.
You block the ancient zyme's attack.
The small abomination hits you but does no damage.
The thrashing horror tramples you but does no damage. x2
The rakshasa weaves an illusion.
The ancient zyme shimmers and seems to become two!
The ancient zyme hits you! The ancient zyme hits you.
The ancient zyme hits you!
The ancient zyme hits you but does no damage.
You block the thrashing horror's attack. x2
The ancient zyme hits you. The ancient zyme hits you!
* * * LOW HITPOINT WARNING * * *
The ancient zyme barely misses you. The ancient zyme hits you!
* * * LOW HITPOINT WARNING * * *
The thrashing horror tramples you!
* * * LOW HITPOINT WARNING * * *
You stumble backwards!
The rakshasa blinks!
Unknown command.
The thrashing horror barely misses you.
The thrashing horror closely misses you.
The small abomination hits you!
You die...

Skill      XL: |  1  2  3  4  5  6  7 |
---------------+----------------------+-----
Armour         | 3 4 5 |  5.1
Shields        | 3 4 5 |  5.0
Dodging        | 1 2 3 |  3.6
Fighting       | |  3.0
Unarmed Combat | |  1.7

Action                   |  1- 3 |  4- 6 |  7- 9 || total
-------------------------+-------+-------+-------++-------
Melee: Whip              |    86 |   169 |    61 ||   316
       Unarmed           |     8 |       |       ||     8
  Use: Scroll            |       |     7 |       ||     7
       Potion            |       |     7 |       ||     7
Armor: Scale mail        |    31 |    77 |    32 ||   140
       Chain mail        |       |       |     5 ||     5
Dodge: Dodged            |    24 |    64 |    19 ||   107
Block: Kite shield       |    28 |   102 |    38 ||   168

Levels and vault maps discovered:
D:1:      dpeg_arrival_lava_altar, layout_loops_corners
D:2:      cheibrodos_greedy_goblins, layout_rooms, serial_forest,
          infiniplex_forest_lined_room_, infiniplex_forest_corner_2,
          infiniplex_forest_end_3, infiniplex_forest_straight_2,
          infiniplex_forest_clump_curved, infiniplex_forest_lined_2,
          minivault_19, tso_metal_star
D:3:      layout_basic, hellmonk_ghost_happy_afterlife, minmay_quadrilaterals,
          uniq_grinder
D:4:      layout_gridville, uniq_edmund
Abyss:2:  base: D:1, hangedman_abyss_or_decor_stabs, hangedman_decor_riveting,
          evilmike_abyss_exit_5, minivault_25_ag, hangedman_abyss_feature_spike

Notes
Turn   | Place    | Note
-------+----------+-------------------------------------------
     0 | D:1      | Dracia the Demonspawn Fighter began the quest for the Orb.
     0 | D:1      | Reached XP level 1. HP: 18/18 MP: 1/1
   310 | D:1      | Reached skill level 3 in Armour
   310 | D:1      | Reached skill level 3 in Shields
   334 | D:1      | Gained mutation: You are partially covered in thin metallic
                  | scales. (AC +2) [demonic ancestry]
   334 | D:1      | Reached XP level 2. HP: 24/24 MP: 2/2
   866 | D:1      | Found an iron altar of Okawaru.
   981 | D:2      | Found a glowing golden altar of the Shining One.
   997 | D:2      | Gained mutation: You have a pair of small antennae on your
                  | head. [demonic ancestry]
   997 | D:2      | Reached XP level 3. HP: 22/29 MP: 3/3
  1319 | D:2      | Reached skill level 1 in Dodging
  1337 | D:2      | Reached XP level 4. HP: 31/35 MP: 4/4
  1737 | D:3      | Noticed a bullfrog
  1751 | D:3      | Killed a bullfrog
  1752 | D:3      | Reached skill level 4 in Armour
  1752 | D:3      | Reached skill level 2 in Dodging
  1752 | D:3      | Reached skill level 4 in Shields
  1752 | D:3      | Gained mutation: When hurt, damage is shared between your
                  | health and your magic reserves. [demonic ancestry]
  1752 | D:3      | Reached XP level 5. HP: 29/41 MP: 5/5
  1903 | D:3      | Noticed Grinder
  1921 | D:3      | Killed Grinder
  1922 | D:3      | Reached skill level 3 in Dodging
  1922 | D:3      | Reached XP level 6. HP: 23/47 MP: 3/6
  2294 | D:3      | Found a runed translucent door.
  2467 | D:3      | Noticed Dracia's ghost (amateur DsFi)
  2942 | D:3      | Identified a potion of resistance
  3318 | D:4      | Gained mutation: You are mostly covered in thin metallic
                  | scales. (AC +3) [demonic ancestry]
  3318 | D:4      | Reached XP level 7. HP: 24/52 MP: 3/7
  3672 | D:4      | Reached skill level 5 in Armour
  3672 | D:4      | Reached skill level 5 in Shields
  3773 | D:4      | Noticed Edmund
  3774 | D:4      | You are cast into the Abyss!
  3774 | D:4      | Cast into level 2 of the Abyss (Edmund)
  3774 | Abyss:2  | Found a corrupted altar of Lugonu.
  3824 | Abyss:2  | Noticed a small abomination
  3831 | Abyss:2  | Noticed a rakshasa
  3832 | Abyss:2  | Noticed an ancient zyme
  3834 | Abyss:2  | Noticed a thrashing horror
  3840 | Abyss:2  | Slain by a small abomination

Vanquished Creatures
  Grinder (D:3)
  A bullfrog (D:3)
  2 orc priests (D:4)
  3 orc wizards (D:4)
  3 worker ants
  3 gnolls (D:2)
  6 adders
  A worm (D:4)
  3 dart slugs
  3 leopard geckos
  10 orcs
  6 giant cockroaches
  15 goblins
  11 hobgoblins
  A quokka (D:3)
  A ball python (D:4)
  4 bats
  5 frilled lizards
  4 kobolds
  4 rats
87 creatures vanquished.

Table legend: (Time is in decaauts)
 A = Elapsed time spent in this place.
 B = Non-inter-level travel time spent in this place.
 C = Inter-level travel time spent in this place.
 D = Time resting spent in this place.
 E = Time spent auto-exploring this place.
 F = Levels seen in this place.
 G = Mean time per level.
                   A        B        C        D        E       F      G
               +--------+--------+--------+--------+--------+-----+--------+
         Total |   3872 |   3798 |     74 |    508 |   2566 |   5 |  774.4 |
       Dungeon |   3806 |   3732 |     74 |    508 |   2566 |   4 |  951.5 |
         Abyss |     65 |     65 |      0 |      0 |      0 |   1 |   65.0 |
               +--------+--------+--------+--------+--------+-----+--------+

Top non-repeatable levels by time:
     D:3: 1488 daAuts
     D:1: 911 daAuts
     D:2: 717 daAuts
     D:4: 688 daAuts
 Abyss:2: 65 daAuts

Table legend:
 A = Non-vault XP
 B = Vault XP
 C = Vault XP percentage of total XP
 D = Non-vault monster count
 E = Vault monster count
 F = Vault count percentage of total count
                 A         B        C        D         E       F
            +---------+---------+-------+---------+---------+-------
      Total |     630 |     305 |  32.6 |      70 |      17 |  19.5
            +---------+---------+-------+---------+---------+-------
        D:1 |      31 |       0 |   0.0 |      16 |       0 |   0.0
        D:2 |      52 |      21 |  28.8 |      10 |      12 |  54.5
        D:3 |     239 |     284 |  54.3 |      25 |       5 |  16.7
        D:4 |     308 |       0 |   0.0 |      19 |       0 |   0.0
            +---------+---------+-------+---------+---------+-------
